Cascade, chaotic male elven Priest ------- |...<..# |.....|# ------ |.....|# |.... ----.--# ....- ---- -- # |...| |..------- . # |...| |..|.....| . ##### |...| -|-|.._..| -|-- -- | # -|--- ### #|...-+---..|.....| ...--|-- ...| |>[..########|..........|.....|.............| -...|########-.(......{.--..|--.{...........| |...|# ....."........*................| |.... |...--|--.).........-+-- --- | |...| |...|...--.-----.---- ----- |...|(.(|..| .-I-. |...|!(.|..|%..|.|..| |...-----+.-----.---- |.... . .I. ------ --- --- Cascade the Adept Experience level: 7 Strength: 13 Dexterity: 12 Constitution: 16 Intelligence: 11 Wisdom: 20 Charisma: 7 Health: 0(60) Energy: 30(119) Def: 6 Gold: 27 Moves: 2714 Dungeon seed: wuiKDEhDXDJVcJ0x Game ID: Cascade_1615598375 Your Inventory: Coins $ - 27 gold pieces Weapons a - a blessed rusty +1 mace (weapon in hand) j - 11 blessed poisoned +0 orcish arrows k - 11 poisoned +1 orcish arrows A - 15 +0 arrows (in quiver) B - a +0 bow (alternate weapon; not wielded) Armor e - a +0 robe (being worn) n - a +0 small shield (being worn) N - a rusty +0 dwarvish iron helm (being worn) Y - a +0 pair of iron shoes (being worn) Comestibles c - a clove of garlic d - a sprig of wolfsbane g - a partly eaten food ration Wands l - a wand of light (0:12) m - a wand of light (0:13) o - a wand of magic missile (0:1) F - a wand of teleportation (0:3) G - a wand of light (0:10) H - a wand of sleep (0:2) J - a wand of create monster (0:12) K - a wand of magic missile (0:0) Tools b - 5 blessed tallow candles (0:200) i - a skeleton key r - a blessed bag of holding t - a lock pick w - a can of grease (0:6) z - 5 tallow candles (0:200) V - a sack Gems y - a luckstone Contents of the bag of holding: 628 gold pieces a +0 axe a blessed +1 dwarvish cloak a +0 dwarvish cloak a +0 dwarvish cloak a cursed +0 pair of jumping boots a +0 robe 3 cursed food rations a cursed lembas wafer a tin of kobold meat a cursed scroll of blank paper 3 scrolls of enchant weapon a scroll of identify a cursed scroll of identify a cursed scroll of magic mapping a cursed spellbook of clairvoyance a blessed spellbook of cure sickness a spellbook of extra healing a spellbook of healing a spellbook of healing a blessed spellbook of magic missile a spellbook of protection a spellbook of remove curse a cursed spellbook of teleport away a blessed spellbook of wizard lock a cursed potion of confusion a potion of fruit juice a cursed potion of gain ability a cursed potion of gain energy a cursed potion of gain level 8 potions of holy water a cursed potion of monster detection a blessed potion of oil a cursed potion of see invisible 4 potions of unholy water a cursed ring of hunger a credit card a cursed oil lamp (0:1475) a cursed skeleton key a tin opener a cursed tinning kit (0:40) a cursed towel a cursed diamond a fluorite stone an obsidian stone an opal a cursed worthless piece of black glass 3 worthless pieces of blue glass a worthless piece of green glass a cursed worthless piece of orange glass 3 worthless pieces of red glass a worthless piece of violet glass 2 worthless pieces of white glass 2 cursed worthless pieces of white glass 2 worthless pieces of yellow glass a worthless piece of yellowish brown glass 3 cursed worthless pieces of yellowish brown glass Spells and supernatural/magical abilities: Name Level Category Fail Memory h - healing 1 healing 0% 87% r - remove curse 3 clerical 0% 87% x - extra healing 3 healing 57% 91% K - cure sickness 3 healing 57% 95% W - pray for help -- divine ? -- X - turn undead -- divine ? -- Your skills at the end: Fighting Skills Weapon Skills mace [Basic] Spellcasting Skills clerical spells [Basic] Final Attributes: You were piously aligned. You were sleep resistant. You were blinded. You had infravision. You were lucky. You had extra luck. Bad luck did not time out for you. Good luck did not time out for you. You are dead. Vanquished creatures: 2 ghosts a small mimic a panther a dwarf lord 2 human zombies a rock piercer a rock mole a pony a yellow light a shrieker 6 gnome lords a kobold mummy a guardian naga hatchling a gray ooze 6 dwarves 2 kobold shamans 2 orc zombies a wererat 2 hobgoblins a giant rat 21 gnomes 2 garter snakes 3 geckos 4 jackals a fox 2 kobolds 2 goblins a sewer rat 2 grid bugs a lichen a kobold zombie 3 newts 78 creatures vanquished. Voluntary challenges: You used a wielded weapon 140 times, starting on turn 83. You read items or engraved 19 times, starting on turn 861. You never genocided any monsters. You never polymorphed an object. You never changed form. You used no wishes. You never split a pudding. You never wrote Elbereth's name. You violated your moral code, losing 3 points of alignment, starting on turn 2553. Dungeon overview: The Dungeons of Doom: levels 1 to 2 Level 1 a fountain a long staircase Level 2 a hardware shop stairs to The Gnomish Mines The Gnomish Mines: levels 3 to 6 Level 3 stairs to The Dungeons of Doom Level 4 Level 5 Level 6 <- You were here some shops, a temple to Set, some fountains History has recorded: On T:1 you entered the Dungeons of Doom to retrieve the Amulet of Yendor! On T:408 you reached level 2 of The Dungeons of Doom. On T:453 you advanced to experience level 2. On T:692 you advanced to experience level 3. On T:825 you reached level 1 of The Gnomish Mines. On T:873 you advanced to experience level 4. On T:1158 you advanced to experience level 5. On T:1419 you reached level 2 of The Gnomish Mines. On T:1833 you advanced to experience level 6. On T:1888 you reached level 3 of The Gnomish Mines. On T:2510 you reached level 4 of The Gnomish Mines. On T:2650 you advanced to experience level 7. Score breakdown: Gold: 655 ( 9582 points) Experience: 7 levels (13645 points) Exploration: 6 levels ( 12.24%) ( 9682 points) Discoveries: 9 items ( 3.15%) ( 5321 points) Valuables value: (no points given unless you survive) Artifact value: 0 ( 0 points) Variety of kills: 32 monsters ( 8.40%) ( 8694 points) Turncount: 2714 turns ( -451 points) Survival: died (score multiplied by 80%) Total score: 37178 Latest messages: It bites! You feel better. You feel more confident in your spell casting skills. It hits! (2x) It bites! You feel better. It hits! It just misses! It bites! You miss it. It hits! It misses. It bites! You hit it. It hits! (2x) You die... The sack is empty. The sack is empty. Final status: Goodbye Cascade the Priest, killed by a jaguar... You died in The Gnomish Mines on dungeon level 6 with 37178 points, and 655 pieces of gold, after 2714 moves. You were level 7 with a maximum of 60 hit points when you died.